 Dungeon Crawl Stone Soup version 0.19.5 (console) character file.

2981 lanroth the Protected (level 9, 0/82 HPs)
             Began as a Minotaur Abyssal Knight on Apr 26, 2017.
             Was an Elder of Lugonu.
             Killed by divine providence
             ... invoked by an orc priest
              (12 damage)
             ... on level 7 of the Dungeon.
             The game lasted 00:33:27 (6172 turns).

lanroth the Protected (Minotaur Abyssal Knight)     Turns: 6172, Time: 00:33:28

Health: 0/82       AC: 18    Str: 15 (17) XL:     9   Next: 53%
Magic:  18/18      EV:  7    Int:  6 (9)  God:    Lugonu [****..]
Gold:   139        SH:  7    Dex: 10 (13) Spells: 0 memorised, 8 levels left

rFire  . . .     SeeInvis .     a - +4 spear
rCold  + . .     Gourm    .     H - +0 plate armour
rNeg   . . .     Faith    .     P - +2 buckler {rC+}
rPois  .         Spirit   .     (helmet restricted)
rElec  .         Reflect  .     y - +1 cloak
rCorr  .         Harm     .     F - +0 pair of gloves
MR     +....                    (no boots)
Stlth  ..........               (no amulet)
                                p - ring of protection from magic
                                S - ring of magical power

@: no status effects
A: retaliatory headbutt, horns 2, blink
a: Blink, Depart the Abyss, Bend Space, Banish, Corrupt, Renounce Religion


You were on level 7 of the Dungeon.
You worshipped Lugonu.
Lugonu was greatly pleased with you.
You were full.

You visited 1 branch of the dungeon, and saw 8 of its levels.
You visited the Abyss 1 time.

You collected 418 gold pieces.
You spent 279 gold pieces at shops.

Inventory:

Hand Weapons
 a - a +4 spear (weapon)
 n - a cursed -3 flail
 o - a +1 dagger of venom
 D - a +0 short sword of electrocution
Missiles
 c - 2 javelins (quivered)
 d - 13 tomahawks
 e - 421 stones
Armour
 y - a +1 cloak (worn)
 F - a +0 pair of gloves (worn)
 H - a +0 plate armour (worn)
 P - a +2 buckler of cold resistance (worn)
Jewellery
 m - an uncursed ring of loudness
 p - a ring of protection from magic (right hand)
 S - a ring of magical power (left hand)
Wands
 b - a wand of iceblast (13/15)
 v - a wand of hasting (2/9)
 I - a wand of polymorph (0/24)
 K - a wand of teleportation (6/9)
Scrolls
 f - a scroll of magic mapping
 h - 2 scrolls of recharging
 q - 3 scrolls of identify
 x - 2 scrolls of amnesia
 C - 8 scrolls of remove curse
Potions
 j - 2 potions of flight
 l - 3 potions of curing
 r - 2 potions of heal wounds
 w - 3 potions of brilliance
 N - a potion of magic
Comestibles
 g - a chunk of flesh
 t - 4 bread rations
 O - a beef jerky


   Skills:
 + Level 8.5 Fighting
 + Level 9.5 Polearms
 + Level 4.7 Throwing
 + Level 9.6 Armour
 + Level 5.8 Dodging
 + Level 0.8 Stealth
 + Level 7.2 Shields
 + Level 0.2 Unarmed Combat
 + Level 2.0 Invocations


You had 8 spell levels left.
You didn't know any spells.

Dungeon Overview and Level Annotations

Branches:
Dungeon (8/15)             Temple (0/1) D:7
   Lair: D:8-11

Altars:
Ashenzari
Gozag
Hepliaklqana
Ru
Sif Muna
Vehumet
Xom
Yredelemnul
The Shining One

Shops:
D:6 [


Innate Abilities, Weirdness & Mutations

You reflexively headbutt those who attack you in melee.
You have a pair of horns on your head.
You can translocate small distances at will.


Message History

You headbutt the orc priest, but do no damage.
The orc priest is severely wounded.
You barely miss the orc priest.
You headbutt the orc priest, but do no damage.
The orc priest is severely wounded.
The orc priest mumbles some strange prayers to Beogh against you.
Beogh smites you!
You barely miss the orc priest. Your headbutt misses the orc priest.
The orc priest is severely wounded.
You hit the orc priest.
The orc priest is severely wounded.
The orc priest calls down the wrath of Beogh upon you.
Beogh smites you!
* * * LOW HITPOINT WARNING * * *
Unknown command.
You blink.
You feel slightly less full.
The orc priest looks braver for a moment.
The orc priest calls down the wrath of Beogh upon you.
Beogh smites you!
You die...

### ### ### #.# #.###################.#
#.#######.#.............)@..o.#
#.........#.#################W#
#########.#.# #)# #.#.# #W# #########'#.#
#.# #....##.....# ############ #a#
#....''.....# #........... #.# ######
#....##.....# #.#########.##.##### #....#
#....##.....####.########....<....## #....#
#....####...............#............
########....####....#
#.#....#.######.#.#.....#.###
.#..........'.......# #.#......######.#
#...#.# # .#.###......#####...#
#.#.#.........#.# #.....# .#.# #......#
#...# #.#.#.#######.#.# #.##### .#.#
#......# ##### #.........#.#.# #.. .#.#
#......# ###.##......#.# ### '#.###....###
#.##...#..#.# ....##....# #.......#.#
....##....# #..####'#.######## ....#######
#.....<........... ....#
#.#.#.####....######## ....#
#.#......'....'..# ....# #.###.####....##.#
....############## #.# #....##.#
....#............####### #.# #....##.#
'#'##......)......##...# #.# #....##.#
.#.##.......#...#.##...# #.# ........#.#
.#.##........#.#..##...# #.############.#.#
.#.##.........>...##...###..............#.#
.#..'........#.#..['...'.......รท........#.#
.####.......#...#.##...###############.##.#
.# #.............##...# #....# .#
#.........######...# ###### .# ###########
#...#


You could see a hungry ghost and an orc priest.

Vanquished Creatures
  A hippogriff (D:7)
  Eustachio (D:4)
  A hungry ghost (D:5)
  An ogre (D:5)
  A phantom (D:3)
  A bullfrog (D:6)
  A scorpion (D:7)
  4 killer bees (D:7)
  5 crimson imps
  2 orc priests
  2 centaur skeletons
  2 jellies
  4 hounds
  2 orc wizards
  2 bullfrog skeletons
  A worker ant (D:4)
  A hound skeleton (D:4)
  A howler monkey skeleton (D:5)
  A worker ant zombie (D:7)
  8 adders
  2 shadow imps
  An ooze (D:1)
  5 worms
  3 dart slugs
  9 leopard geckos
  14 orcs
  2 giant cockroaches (D:3)
  7 goblins
  4 hobgoblins
  14 jackals
  5 quokkas
  A ball python (D:4)
  10 bats
  4 frilled lizards
  14 kobolds
  6 rats
  A plant (D:6)
144 creatures vanquished.

Vanquished Creatures (others)
  A plant (D:5)
1 creature vanquished.

Grand Total: 145 creatures vanquished

Notes
Turn   | Place    | Note
-------+----------+-------------------------------------------
     0 | Abyss:1  | lanroth the Minotaur Abyssal Knight began the quest for the Orb.
     0 | Abyss:1  | Reached XP level 1. HP: 19/19 MP: 1/1
    36 | Abyss:1  | Noticed a ynoxinul
    44 | D:1      | Escaped the Abyss
   160 | D:1      | Reached XP level 2. HP: 22/27 MP: 2/2
   311 | D:1      | Reached ** piety under Lugonu
   354 | D:1      | Reached XP level 3. HP: 34/34 MP: 3/3
   965 | D:2      | Reached skill level 5 in Fighting
  1160 | D:2      | Reached XP level 4. HP: 38/42 MP: 4/4
  1360 | D:2      | Found a glowing golden altar of the Shining One.
  1426 | D:2      | Found an opulent altar of Gozag.
  1429 | D:2      | Found a basalt altar of Yredelemnul.
  1432 | D:2      | Found a hazy altar of Hepliaklqana.
  1644 | D:3      | Noticed a phantom
  1672 | D:3      | Killed a phantom
  1672 | D:3      | Reached XP level 5. HP: 18/48 MP: 5/5
  2011 | D:3      | Reached *** piety under Lugonu
  2447 | D:4      | Noticed Eustachio
  2903 | D:4      | Killed Eustachio
  2903 | D:4      | Reached skill level 5 in Polearms
  2903 | D:4      | Reached XP level 6. HP: 23/57 MP: 6/6
  3178 | D:4      | Reached skill level 1 in Throwing
  3333 | D:4      | Reached XP level 7. HP: 60/62 MP: 7/7
  3480 | D:5      | Entered Level 5 of the Dungeon
  3496 | D:5      | Found a shattered altar of Ashenzari.
  3674 | D:5      | Noticed a hungry ghost
  3837 | D:5      | Killed a hungry ghost
  4020 | D:5      | Found a deep blue altar of Sif Muna.
  4119 | D:5      | Found a radiant altar of Vehumet.
  4142 | D:5      | Found a shimmering altar of Xom.
  4224 | D:5      | Reached skill level 5 in Armour
  4292 | D:5      | Reached **** piety under Lugonu
  4476 | D:5      | Reached XP level 8. HP: 71/71 MP: 8/8
  4987 | D:6      | Found a sacrificial altar of Ru.
  5004 | D:6      | Found Tamiqeutt's Armour Shop.
  5058 | D:6      | Bought a +2 buckler of cold resistance for 279 gold pieces
  5258 | D:7      | Gained mutation: You are robust. (+10% HP) [potion of mutation]
  5258 | D:7      | Gained mutation: You can translocate small distances at will. [potion of mutation]
  5258 | D:7      | Lost mutation: You are robust. (+10% HP) [potion of mutation]
  5260 | D:7      | Reached skill level 5 in Dodging
  5260 | D:7      | Reached XP level 9. HP: 82/82 MP: 9/9
  5697 | D:7      | Found a staircase to the Ecumenical Temple.
  6172 | D:7      | Killed from afar by an orc priest

Skill      XL: |  1  2  3  4  5  6  7  8 |
---------------+-------------------------+-----
Fighting       | 4 5 6 8 |  8.5
Polearms       | 3 4 5 7 9 |  9.5
Invocations    | 2 |  2.0
Armour         | 3 4 5 9 |  9.6
Dodging        | 2 3 5 |  5.8
Throwing       | 1 4 |  4.7
Shields        | 7 |  7.2
Stealth        | |  0.8
Unarmed Combat | |  0.2

Action                   |  1- 3 |  4- 6 |  7- 9 || total
-------------------------+-------+-------+-------++-------
Melee: Spear             |   119 |   169 |   314 ||   602
       Headbutt          |     9 |    27 |    54 ||    90
       Unarmed           |       |    34 |       ||    34
Throw: Stone             |     8 |    14 |    12 ||    34
       Javelin           |       |     5 |    19 ||    24
 Abil: Blink             |       |       |    18 ||    18
  Use: Scroll            |     4 |     1 |     7 ||    12
       Potion            |       |       |     9 ||     9
  Eat: Chunk             |     1 |     2 |     1 ||     4
       Meat ration       |       |     1 |     1 ||     2
       Bread ration      |       |       |     3 ||     3
       Royal jelly       |       |       |     1 ||     1
Armor: Leather armour    |    35 |    22 |       ||    57
       Chain mail        |       |    54 |    31 ||    85
       Plate armour      |       |       |    67 ||    67
Dodge: Dodged            |    55 |    89 |    58 ||   202
Block: Buckler           |       |    12 |    42 ||    54
